[Event "*** SCC Grand Prix: Titled Tuesday Blitz"]
[Site "Chess.com"]
[Date "2020.08.11"]
[Round "9"]
[White "Shahinyan_ChessMood"]
[Black "viktorskliarov"]
[Result "1-0"]
[WhiteElo "2715"]
[BlackElo "2592"]
[TimeControl "180+1"]
[EndTime "11:43:57 PDT"]
[Termination "Shahinyan_ChessMood won by resignation"]

1. e4 c5 2. Nc3 Nc6 3. g3 g6 4.
Bg2 Bg7 5. d3 d6 6. Be3 Rb8 7.
Qd2 b5 8. Nge2 b4 9. Nd1 Nd4 10. O-O h5 11. h3 e6 12. Nc1 Ne7 13. c3 bxc3 14. bxc3 Ndc6 15. Ne2 Qa5 16. Rc1 Ba6 17. f4 O-O 18. f5 exf5 19. exf5 gxf5 20. Bh6 Ne5 21. Qg5 N7g6 22. Bxg7 Kxg7 23. Nf4 Rh8 24. Ne3 Bc8 25. d4 f6 26. Nxh5+ Rxh5 27. Qxh5 Nf7 28. Nxf5+ Bxf5 29. Qxf5 Qxa2 30. Qxf6+ 1-0

[Event "*** SCC Grand Prix: Titled Tuesday Blitz"]
[Site "Chess.com"]
[Date "2020.08.11"]
[Round "9"]
[White "mapleaff"]
[Black "Crazy_girl99"]
[Result "0-1"]
[WhiteElo "2342"]
[BlackElo "2493"]
[TimeControl "180+1"]
[EndTime "11:43:57 PDT"]
[Termination "Crazy_girl99 won by resignation"]

1. d4 d5 2. c4 c6 3. Nf3 Nf6 4. e3 g6 5. Bd3 Bg7 6. O-O O-O 7. Nbd2 Bg4 8. h3 Bxf3 9. Nxf3 e6 10. b4 Nbd7 11. Rb1 a6 12. a4 Re8 13. b5 c5 14. cxd5 exd5 15. bxa6 bxa6 16. dxc5 Nxc5 17. Bb2 Rb8 18. Bd4 Rxb1 19. Bxb1 Nfe4 20. Ba2 Qa5 21.
Bxg7 Kxg7 22. Qd4+ Kg8 23. Qxd5 Rf8 24. Ne5 Nc3 25. Qd2 N5e4 26. Bxf7+ Rxf7 27. Qd3 Qxe5 28.
Qxa6 Kg7 29. Qc4 Nd2 0-1

[Event "*** SCC Grand Prix: Titled Tuesday Blitz"]
[Site "Chess.com"]
[Date "2020.08.11"]
[Round "9"]
[White "hansen"]
[Black "Murad_Ibrahimli"]
[Result "1-0"]
[WhiteElo "2927"]
[BlackElo "2702"]
[TimeControl "180+1"]
[EndTime "11:44:01 PDT"]
[Termination "hansen won by resignation"]

1. e4 c5 2. Nf3 d6 3. c3 Nf6 4.
Be2 Nc6 5. d3 Bg4 6. Nbd2 e6 7.
O-O Be7 8. h3 Bh5 9. Re1 O-O 10.
Nf1 b5 11. Ng3 Bg6 12. Bf1 b4 13. d4 bxc3 14. bxc3 cxd4 15. cxd4 d5 16. e5 Ne4 17.
a3 Rb8 18. Qa4 Rb6 19. Re3 Nxg3 20. fxg3 Be4 21. Rc3 Qa8 22. Be3 Rc8 23. Ba6 Rc7 24.
Rac1 Bd8 25. Bb5 1-0

[Event "*** SCC Grand Prix: Titled Tuesday Blitz"]
[Site "Chess.com"]
[Date "2020.08.11"]
[Round "9"]
[White "guillembaches"]
[Black "davidkalashian"]
[Result "1-0"]
[WhiteElo "2413"]
[BlackElo "2553"]
[TimeControl "180+1"]
[EndTime "11:44:01 PDT"]
[Termination "guillembaches won by resignation"]

1. e4 c6 2. c4 g6 3. Nc3 Bg7 4. Nge2 d6 5. g3 h5 6. h3 Nf6 7.
Bg2 O-O 8. d3 a6 9. a4 d5 10.
exd5 cxd5 11. cxd5 Nbd7 12. O-O Nb6 13. Nf4 Bf5 14.
Re1 Re8 15. Be3 Rc8 16. Qb3 Nbd7 17. Qxb7 Rb8 18. Qxa6 Rxb2 19. Ne4 g5 20. Nxg5 Qc8 21.
Qxc8 Rxc8 22. a5 Nc5 23. Bxc5 Rxc5 24. a6 1-0

[Event "*** SCC Grand Prix: Titled Tuesday Blitz"]
[Site "Chess.com"]
[Date "2020.08.11"]
[Round "9"]
[White "RusPakhom"]
[Black "Iris77"]
[Result "1-0"]
[WhiteElo "2300"]
[BlackElo "2069"]
[TimeControl "180+1"]
[EndTime "11:44:05 PDT"]
[Termination "RusPakhom won by resignation"]

1. e4 e6 2. d4 d5 3. Nd2 c5 4.
exd5 Qxd5 5. Ngf3 cxd4 6. Bc4 Qd6 7. O-O Nf6 8. Nb3 Nc6 9. Nbxd4 Nxd4 10. Nxd4 a6 11. c3 Qc7 12. Bb3 Bd6 13. h3 O-O 14. Qe2 b5 15. Bg5 Nd7 16. Rad1 Nc5 17. Bc2 h6 18.
Be3 Bb7 19. Qh5 Be4 20. Bxe4 Nxe4 21. Bxh6 gxh6 22. Qg4+ Ng5 23. h4 f5 24. Qh5 Nf7 25.
Nxe6 Bh2+ 26. Kh1 Qe5 27. Qg6+ Kh8 28. Rfe1 1-0

[Event "*** SCC Grand Prix: Titled Tuesday Blitz"]
[Site "Chess.com"]
[Date "2020.08.11"]
[Round "9"]
[White "adotand"]
[Black "Nikithebest"]
[Result "0-1"]
[WhiteElo "2738"]
[BlackElo "2437"]
[TimeControl "180+1"]
[EndTime "11:44:07 PDT"]
[Termination "Nikithebest won by resignation"]

1. d4 Nf6 2. c4 c5 3. Nf3 cxd4 4. Nxd4 e5 5. Nb3 d5 6. cxd5 Qxd5 7. Qc2 Bb4+ 8. Nc3 O-O 9. Bd2 Qe6 10. e3 Nc6 11. a3 Be7 12. Be2 Bd7 13. O-O Rac8 14. Rad1 Rfd8 15. Nc1 e4 16. Qb1 Qe5 17. Nb5 Ng4 18.
Bxg4 Bxg4 19. f3 exf3 20. gxf3 Bh3 21. Rf2 Qxb5 22. Kh1 Ne5 23. Rg1 Bh4 24. a4 Qc6 25. Bc3 Bxf2 0-1

[Event "*** SCC Grand Prix: Titled Tuesday Blitz"]
[Site "Chess.com"]
[Date "2020.08.11"]
[Round "9"]
[White "SilviusTiberius"]
[Black "Arseniy_Nesterov"]
[Result "0-1"]
[WhiteElo "2522"]
[BlackElo "2744"]
[TimeControl "180+1"]
[EndTime "11:44:11 PDT"]
[Termination "Arseniy_Nesterov won by resignation"]

1. e4 e5 2. Nf3 Nc6 3. Bb5 a6 4. Ba4 b5 5. Bb3 Na5 6. O-O d6 7. d4 exd4 8. Nxd4 Bb7 9. Bd2 Nxb3 10. Nxb3 Rb8 11. Nc3 Nf6 12. Re1 Be7 13. Nd4 O-O 14. Nf5 Re8 15. Bg5 b4 16. Nb1 Qd7 17. Nd2 Bd8 18. Qf3 Re5 19. Qg3 Nxe4 20. Nxe4 Qxf5 21. Bxd8 Rxd8 22. Ng5 Qxg5 0-1

[Event "*** SCC Grand Prix: Titled Tuesday Blitz"]
[Site "Chess.com"]
[Date "2020.08.11"]
[Round "9"]
[White "coalescenet"]
[Black "jacky72"]
[Result "0-1"]
[WhiteElo "1958"]
[BlackElo "2568"]
[TimeControl "180+1"]
[EndTime "11:44:12 PDT"]
[Termination "jacky72 won by resignation"]

1. d4 Nf6 2. c4 g6 3. Nc3 Bg7 4. Nf3 O-O 5. Bg5 d6 6. e3 b6 7. Be2 Nbd7 8. O-O Bb7 9. Qc2 h6 10. Bh4 a5 11. Rad1 Qe8 12. Rfe1 e5 13.
dxe5 Nxe5 14. Bxf6 Bxf6 15. Nd5 Bd8 16. e4 Qe6 17. Nf4 Qg4 18. Nxe5 Qxf4 19. Nd3 Qh4 20. Bf3 Bg5 21. g3 Qh3 22. Bg2 Qd7 23. f4 Be7 24. e5 Bxg2 25. Qxg2 Qf5 26. Qc6 Rac8 27. Qe4 Qxe4 28. Rxe4 Rfd8 29. Nf2 dxe5 30. Rxe5 Bc5 31. Kg2 Bxf2 32. Rxd8+ Rxd8 33. Kxf2 Kf8 34. b3 Rd2+ 35. Re2 Rd1 36. Re1 Rd3 37. Re3 Rd2+ 38. Re2 Rd4 39. Kf3 h5 40. Re4 Rd3+ 41. Re3 Rd2 42. Re2 Rd1 43. Kf2 Ra1 44. Ke3 f6 45. Ke4 Rd1 46. f5 g5 47. Ke3 Ke7 48. Rd2 Rxd2 49. Kxd2 Kd6 50. h3 Ke5 51. g4 hxg4 52. hxg4 Kf4 53. Kd3 Kxg4 54. Ke4 Kh3 0-1

[Event "*** SCC Grand Prix: Titled Tuesday Blitz"]
[Site "Chess.com"]
[Date "2020.08.11"]
[Round "9"]
[White "chess4life23"]
[Black "martynkovaelena"]
[Result "0-1"]
[WhiteElo "2413"]
[BlackElo "2273"]
[TimeControl "180+1"]
[EndTime "11:44:13 PDT"]
[Termination "martynkovaelena won by checkmate"]

1. d4 Nf6 2. c4 g6 3. Nc3 Bg7 4. e4 d6 5. Be2 O-O 6. Nf3 e5 7. O-O Nc6 8. d5 Ne7 9. b4 Ne8 10. c5 f5 11. Nd2 f4 12. Bg4 h5 13. Bxc8 Rxc8 14. f3 g5 15. a4 Nf6 16. h3 g4 17.
hxg4 hxg4 18. fxg4 Ng6 19. g5 Nh7 20. Qh5 Qxg5 21.
Qh3 Qe7 22. Nf3 dxc5 23. bxc5 Qxc5+ 24. Kh1 Qxc3 25. Bd2 Qc5 26. Qe6+ Kh8 27. Qxg6 Rf6 28. Qg4 Rh6+ 29. Nh4 Rg8 30. Rac1 Qe7 31. g3 Bf6 32.
Qe6 Rxg3 33. Qxe7 Rxh4# 0-1

[Event "*** SCC Grand Prix: Titled Tuesday Blitz"]
[Site "Chess.com"]
[Date "2020.08.11"]
[Round "9"]
[White "Tashik"]
[Black "KingChess345"]
[Result "1-0"]
[WhiteElo "2386"]
[BlackElo "2196"]
[TimeControl "180+1"]
[EndTime "11:44:13 PDT"]
[Termination "Tashik won by checkmate"]

1. c4 c5 2. Nf3 Nc6 3. d4 cxd4 4. Nxd4 g6 5. e4 Bg7 6. Be3 Nf6 7. Nc3 d6 8. Be2 O-O 9. O-O Bd7 10. h3 Nxd4 11.
Bxd4 Bc6 12. Qc2 Nd7 13. Bxg7 Kxg7 14. b4 b6 15. Rad1 Qc7 16. Qb2 Kg8 17. f4 Rac8 18. Rc1 f5 19. exf5 gxf5 20. Bd3 e6 21. Ne2 Qb7 22. Nd4 Rf6 23. b5 Be4 24. Bxe4 fxe4 25.
Nc6 Rxc6 26. bxc6 Qxc6 27. Qd4 Rg6 28. Rc2 Nc5 29. Re2 d5 30. f5 exf5 31. Rxf5 dxc4 32. Qd8+ Kg7 33. Qf8# 1-0

[Event "*** SCC Grand Prix: Titled Tuesday Blitz"]
[Site "Chess.com"]
[Date "2020.08.11"]
[Round "9"]
[White "HouseOfDurin"]
[Black "Bastiandash"]
[Result "0-1"]
[WhiteElo "2074"]
[BlackElo "2271"]
[TimeControl "180+1"]
[EndTime "11:44:24 PDT"]
[Termination "Bastiandash won on time"]

1. d4 Nf6 2. Bg5 e6 3. e4 h6 4.
Bxf6 Qxf6 5. e5 Qd8 6. f4 c5 7. d5 d6 8. c4 Qc7 9. Nf3 g5 10. exd6 Bxd6 11. fxg5 hxg5 12. Nc3 g4 13. Nb5 Bg3+ 14.
hxg3 Qxg3+ 15. Kd2 Rxh1 16. d6 Na6 17. Nc7+ Nxc7 18.
dxc7 gxf3 19. Kc2 Bd7 20. Qxf3 Qxf3 21. gxf3 Bc6 22. Rd1 Rc8 23. Bd3 Rxd1 24. Kxd1 Rxc7 25. Kc2 Rc8 26. f4 Ke7 0-1

[Event "*** SCC Grand Prix: Titled Tuesday Blitz"]
[Site "Chess.com"]
[Date "2020.08.11"]
[Round "9"]
[White "HrvojeZagreb"]
[Black "Xeslu"]
[Result "1/2-1/2"]
[WhiteElo "2140"]
[BlackElo "2296"]
[TimeControl "180+1"]
[EndTime "11:44:25 PDT"]
[Termination "Game drawn by agreement"]

1. d4 d5 2. Bf4 c6 3. e3 Qb6 4. Qc1 Nf6 5. Nd2 Bf5 6. Ngf3 e6 7. h3 h6 8. g4 Bh7 9. Ne5 Nbd7 10. Nxd7 Nxd7 11.
Bg2 Be7 12. O-O O-O 13. a4 f5 14. Nf3 g5 15. Ne5 Nf6 16. Bg3 fxg4 17. hxg4 Qd8 18. a5 a6 19. f4 Ne4 20. Bxe4 Bxe4 21. Kf2 Kg7 22. c4 Bf6 23. Ke2 Rc8 24. c5 Bxe5 25. fxe5 Qe8 26. Rxf8 Qxf8 27. Qf1 Qe7 28. Qf6+ Qxf6 29.
exf6+ Kxf6 30. Rf1+ 1/2-1/2

[Event "*** SCC Grand Prix: Titled Tuesday Blitz"]
[Site "Chess.com"]
[Date "2020.08.11"]
[Round "9"]
[White "GalperinPlaton"]
[Black "Rubinstein_Akiba"]
[Result "1-0"]
[WhiteElo "2614"]
[BlackElo "2450"]
[TimeControl "180+1"]
[EndTime "11:44:28 PDT"]
[Termination "GalperinPlaton won by checkmate"]

1. d4 Nf6 2. Nf3 e6 3. Bg5 d5 4. e3 c5 5. Nbd2 Nc6 6. c3 h6 7. Bh4 Be7 8. Bd3 b6 9. Qe2 O-O 10. e4 dxe4 11. Nxe4 Nd5 12. Bxe7 Qxe7 13. O-O cxd4 14.
cxd4 Nf4 15. Qe3 Nxd3 16. Qxd3 Nb4 17. Qd2 Ba6 18. Rfe1 Nd5 19. Ne5 Rac8 20. Rac1 Qb4 21. Nc3 Rfd8 22. Re4 Qd6 23. Rg4 Nxc3 24. bxc3 Qxe5 25.
Qxh6 Rxd4 26. cxd4 Rxc1+ 27. Qxc1 Qe2 28. Rg3 g5 29.
Qxg5+ Kf8 30. Qd8# 1-0

[Event "*** SCC Grand Prix: Titled Tuesday Blitz"]
[Site "Chess.com"]
[Date "2020.08.11"]
[Round "9"]
[White "Msb2"]
[Black "chargemax23"]
[Result "1-0"]
[WhiteElo "2817"]
[BlackElo "2660"]
[TimeControl "180+1"]
[EndTime "11:44:29 PDT"]
[Termination "Msb2 won by resignation"]

1. d4 Nf6 2. c4 d6 3. Nf3 Bf5 4.
Nc3 h6 5. d5 e5 6. dxe6 Bxe6 7.
Nd4 Bd7 8. e4 Be7 9. Be2 O-O 10.
O-O Re8 11. f3 Bf8 12. Be3 a5 13. Qd2 Na6 14. Rad1 Nc5 15. Rfe1 c6 16. Bf1 a4 17. Qf2 Qa5 18. Nc2 Be6 19. h3 Nfd7 20. f4 Nb6 21. Na3 Qb4 22. Rd4 f5 23. Nd5 cxd5 24. cxd5 Qa5 25.
dxe6 Rxe6 26. exf5 Rf6 27. Nc4 Nxc4 28. Bxc4+ Kh8 29.
g4 Re8 30. Bd2 Rxe1+ 31. Qxe1 Qb6 32. Bc3 Nd7 33. Kh2 Qc7 34. Qe8 d5 35. Bxd5 Nb6 36. Be6 a3 37. Rd8 axb2 38. Qxf8+ Rxf8 39. Rxf8+ Kh7 40. Bg8+ Kh8 41. Bf7+ 1-0

[Event "*** SCC Grand Prix: Titled Tuesday Blitz"]
[Site "Chess.com"]
[Date "2020.08.11"]
[Round "9"]
[White "TreinadorBR"]
[Black "bugbug01052018"]
[Result "0-1"]
[WhiteElo "2248"]
[BlackElo "2158"]
[TimeControl "180+1"]
[EndTime "11:44:31 PDT"]
[Termination "bugbug01052018 won on time"]

1. d4 Nf6 2. c4 e6 3. Nc3 Be7 4. Bg5 d5 5. cxd5 exd5 6. e3 O-O 7. Bd3 c6 8. Nge2 Re8 9. Qc2 Nbd7 10. O-O Nf8 11.
f3 h6 12. Bh4 Be6 13. Rad1 Rc8 14. Kh1 Qb6 15. e4 dxe4 16. fxe4 Ng4 17. Bf2 Nxf2+ 18.
Rxf2 c5 19. d5 c4 20. dxe6 Qxf2 21. exf7+ Qxf7 0-1

[Event "*** SCC Grand Prix: Titled Tuesday Blitz"]
[Site "Chess.com"]
[Date "2020.08.11"]
[Round "9"]
[White "Jumbo"]
[Black "Rainmond"]
[Result "0-1"]
[WhiteElo "2859"]
[BlackElo "2701"]
[TimeControl "180+1"]
[EndTime "11:44:32 PDT"]
[Termination "Rainmond won by resignation"]

1. e4 c5 2. Nf3 d6 3. d4 Nf6 4. dxc5 Nxe4 5. cxd6 Nc6 6. Bf4 Qb6 7. Bg3 Qxb2 8.
Nbd2 Nc3 9. Qc1 Qxc1+ 10. Rxc1 exd6 11. Nc4 Be6 12. a3 O-O-O 13. Bd3 Bxc4 14. Bxc4 d5 15. Bd3 Re8+ 16. Kf1 Bxa3 17. Ra1 Bb2 18. Bf5+ Kd8 19. Bh4+ f6 20. Re1 Rxe1+ 21. Nxe1 Nd4 22. Bd3 a5 23. g4 a4 24. g5 Rf8 25. gxf6 gxf6 26. Bxh7 a3 27.
Nd3 a2 28. Kg2 a1=Q 29. Rxa1 Bxa1 30. Nf4 Ne4 31. Nxd5 Ng5 32. Nxf6 Ndf3 0-1

[Event "*** SCC Grand Prix: Titled Tuesday Blitz"]
[Site "Chess.com"]
[Date "2020.08.11"]
[Round "9"]
[White "deribas12345"]
[Black "Region_07"]
[Result "1-0"]
[WhiteElo "2602"]
[BlackElo "2409"]
[TimeControl "180+1"]
[EndTime "11:44:36 PDT"]
[Termination "deribas12345 won by checkmate"]

1. d4 f5 2. e4 fxe4 3. f3 Nf6 4. fxe4 d6 5. Nc3 Nc6 6. Nf3 Bg4 7. Bb5 a6 8. Bxc6+ bxc6 9. O-O Qd7 10. h3 Bxf3 11. Qxf3 e5 12. dxe5 dxe5 13. Bg5 Bc5+ 14. Kh1 O-O 15.
Rad1 Qe6 16. Qf5 Qxf5 17. Rxf5 Nh5 18. Kh2 Bd4 19. Ne2 Bxb2 20. g4 Nf6 21. Bxf6 Rxf6 22.
Rd7 Rxf5 23. gxf5 Rb8 24. Rxc7 Rb4 25. Ng3 Rc4 26. Nh5 Rxc2+ 27. Kg3 Rc3+ 28. Kg4 Re3 29. Rxg7+ Kf8 30. f6 c5 31. Rxh7 c4 32. Rc7 c3 33. Ng7 Rxe4+ 34. Kf5 Rf4+ 35. Kg6 Rxf6+ 36. Kxf6 e4 37. Rc8# 1-0

[Event "*** SCC Grand Prix: Titled Tuesday Blitz"]
[Site "Chess.com"]
[Date "2020.08.11"]
[Round "9"]
[White "NoboaKevin1999"]
[Black "Grineva_Marianna"]
[Result "1-0"]
[WhiteElo "2416"]
[BlackElo "2209"]
[TimeControl "180+1"]
[EndTime "11:44:36 PDT"]
[Termination "NoboaKevin1999 won by resignation"]

1. d4 f5 2. c4 Nf6 3. Nf3 d6 4. e3 g6 5. Be2 Bg7 6. b4 O-O 7. Bb2 c6 8. Nbd2 Qc7 9. Qc2 a5 10. a3 Na6 11. Qb3 Kh8 12. O-O d5 13. Rfc1 Be6 14.
b5 a4 15. Qxa4 Nc5 16. Qc2 Na4 17. cxd5 Bxd5 18. bxc6 bxc6 19. Bc3 Nxc3 20. Qxc3 Ne4 21. Nxe4 Bxe4 22. Ne5 Bd5 23. Bf3 Bxe5 24. dxe5 Bxf3 25. gxf3 Ra6 26. f4 Rfa8 27. h4 h6 28. Kh2 Kh7 29.
Rd1 Rd8 30. Qc4 Rxd1 31. Qf7+ Kh8 32. Rxd1 Rxa3 33. Qxg6 Ra2 34. Qxh6+ Kg8 35. Rg1+ Kf7 36. e6+ 1-0

[Event "*** SCC Grand Prix: Titled Tuesday Blitz"]
[Site "Chess.com"]
[Date "2020.08.11"]
[Round "9"]
[White "Oleksandr_Bortnyk"]
[Black "GiantThresher"]
[Result "1-0"]
[WhiteElo "2975"]
[BlackElo "2723"]
[TimeControl "180+1"]
[EndTime "11:44:37 PDT"]
[Termination "Oleksandr_Bortnyk won by resignation"]

1. e4 e6 2. d4 d5 3. Nc3 Bb4 4. e5 c5 5. Bd2 Nh6 6. Nb5 Bxd2+ 7. Qxd2 O-O 8. dxc5 Nd7 9. Qc3 f6 10. exf6 Nxf6 11. f3 e5 12. O-O-O Qe7 13. Nd6 b6 14. g4 Nd7 15. Rxd5 Nxc5 16. Bc4 Be6 17. Qxe5 Nf7 18. Nxf7 Qxf7 19. Rxc5 Bxc4 20. Rc7 Qf4+ 21. Qxf4 Rxf4 22. Nh3 Rxf3 23. Rxc4 Rxh3 24. b3 Rf8 25. a4 h6 26.
Kb2 Rf7 27. b4 Kh7 28. Rc3 Rxc3 29. Kxc3 Rf3+ 30. Kc4 Rf4+ 31. Kb5 Rxg4 32. c4 Kg6 33. c5 bxc5 34. bxc5 Rg2 35. Rc1 Rb2+ 36. Ka6 1-0

[Event "*** SCC Grand Prix: Titled Tuesday Blitz"]
[Site "Chess.com"]
[Date "2020.08.11"]
[Round "9"]
[White "JesseKraai"]
[Black "awesomevishesh"]
[Result "1-0"]
[WhiteElo "2551"]
[BlackElo "2390"]
[TimeControl "180+1"]
[EndTime "11:44:37 PDT"]
[Termination "JesseKraai won on time"]

1. Nf3 d5 2. c4 d4 3. g3 Nc6 4. Bg2 e5 5. O-O Nf6 6. d3 Bd6 7. e3 O-O 8. exd4 exd4 9. a3 a5 10. Nbd2 a4 11. b4 axb3 12. Nxb3 Nd7 13. Nfxd4 Nxd4 14. Nxd4 Be5 15. Nb3 Bxa1 16. Nxa1 Ne5 17. Be4 Bg4 18.
Qc2 Nf3+ 19. Kg2 Nd4 20. Qb2 Qd7 21. Re1 Bh3+ 22. Kg1 Rfe8 23. Re3 Rxe4 24. Rxe4 Qf5 25. Re3 Nf3+ 26. Kh1 Ng5 27. Qe2 h6 28. f3 Qf6 29.
Bb2 1-0

[Event "*** SCC Grand Prix: Titled Tuesday Blitz"]
[Site "Chess.com"]
[Date "2020.08.11"]
[Round "9"]
[White "QuintilianoR"]
[Black "IANOV0007"]
[Result "0-1"]
[WhiteElo "2635"]
[BlackElo "2503"]
[TimeControl "180+1"]
[EndTime "11:44:38 PDT"]
[Termination "IANOV0007 won by resignation"]

1. d4 d6 2. e4 Nf6 3. Nc3 c6 4. Nf3 Qa5 5. Bd3 Bg4 6. h3 Bh5 7.
O-O e5 8. g4 Bg6 9. Re1 Nbd7 10. Bd2 Qc7 11. Bg5 Be7 12. Qd2 h6 13. Bh4 O-O 14. Rad1 Rfe8 15. Bg3 Rad8 16. Qe3 b5 17. a3 a5 18. Nh4 Bh7 19. Ne2 Bf8 20. Qf3 Qb6 21.
c3 c5 22. Nf5 g6 23. Ne3 cxd4 24. cxd4 exd4 25. Nd5 Nxd5 26. exd5 Ne5 27. Bxe5 dxe5 28. Ng3 Bg7 29. Ne4 Rf8 30. Qg3 f5 31. gxf5 gxf5 32.
Nd2 e4 33. Bc2 d3 34. Bb3 Kh8 35. Nf1 Rg8 36. Kh1 0-1

[Event "*** SCC Grand Prix: Titled Tuesday Blitz"]
[Site "Chess.com"]
[Date "2020.08.11"]
[Round "9"]
[White "sergivila"]
[Black "Jadeit90"]
[Result "1-0"]
[WhiteElo "2444"]
[BlackElo "2268"]
[TimeControl "180+1"]
[EndTime "11:44:38 PDT"]
[Termination "sergivila won by resignation"]

1. e4 g6 2. d4 Bg7 3. Nf3 c5 4. dxc5 Qa5+ 5. c3 Qxc5 6. Na3 Nf6 7. Be3 Qa5 8. Nc4 Qc7 9. Qc2 d6 10. h3 O-O 11. Be2 Nc6 12. a4 Be6 13. Ncd2 Rfc8 14.
O-O a6 15. Rfc1 d5 16. Bd3 dxe4 17. Nxe4 Nxe4 18. Bxe4 Rd8 19. Qe2 Rac8 20. b4 Ne5 21. Nxe5 Bxe5 22. a5 Bc4 23. Qf3 Rd7 24. Bb6 Qb8 25.
Rd1 Rd6 26. Bxb7 Rf8 27. Be4 Rc8 28. Bc5 Rf6 29. Qe3 Bf4 30. Qe1 Qc7 31. Bd5 Bxd5 32. Rxd5 Re6 33. Qf1 Qc6 34. Rad1 Bc7 35. Qd3 h5 36.
Rd7 Re4 37. Rxe7 Rxe7 38. Bxe7 Bb8 39. Bc5 Qc7 40. g3 h4 41. Bd6 Qxd6 42. Qxd6 Bxd6 43. Rxd6 hxg3 44. fxg3 Rxc3 45. Rxa6 Rxg3+ 46. Kh2 Rb3 47. Rb6 Kf8 48. a6 Ra3 49. b5 1-0

[Event "*** SCC Grand Prix: Titled Tuesday Blitz"]
[Site "Chess.com"]
[Date "2020.08.11"]
[Round "9"]
[White "evgenyermolaev"]
[Black "Nemsko"]
[Result "1-0"]
[WhiteElo "2488"]
[BlackElo "2351"]
[TimeControl "180+1"]
[EndTime "11:44:40 PDT"]
[Termination "evgenyermolaev won by resignation"]

1. d4 Nf6 2. Nc3 d5 3. e4 dxe4 4. Bg5 h6 5. Bh4 g5 6. Bg3 c6 7. h4 Rg8 8. hxg5 hxg5 9. f3 Bf5 10. Qd2 Nbd7 11. O-O-O Qa5 12. Kb1 exf3 13. Nxf3 O-O-O 14. Nb5 Qa4 15. b3 Ne4 16. Qe1 Nxg3 17. bxa4 Nxh1 18. Nxa7+ Kb8 19. Qa5 e6 20. Nxc6+ bxc6 21. Qxd8+ Ka7 22. Qxd7+ Kb6 23. a5+ Kxa5 24. Qa7+ Kb4 25.
a3+ 1-0

[Event "*** SCC Grand Prix: Titled Tuesday Blitz"]
[Site "Chess.com"]
[Date "2020.08.11"]
[Round "9"]
[White "tylityli"]
[Black "ailime26"]
[Result "1-0"]
[WhiteElo "2165"]
[BlackElo "1904"]
[TimeControl "180+1"]
[EndTime "11:44:40 PDT"]
[Termination "tylityli won on time"]

1. d4 d5 2. c4 Nf6 3. Nc3 e6 4. cxd5 Nxd5 5. e4 Nf6 6. Nf3 Bb4 7. Bd3 Nc6 8. O-O O-O 9. a3 Ba5 10. b4 Bb6 11. d5 exd5 12. exd5 Nd4 13. Nxd4 Bxd4 14.
Bxh7+ Kxh7 15. Qxd4 c6 16. d6 Bf5 17. Bg5 Kg6 18.
h4 Re8 19. Rfe1 Qd7 20. Bxf6 gxf6 21. Qf4 Re6 22. Re3 Rxe3 23. fxe3 Re8 24. Rf1 Kh7 25.
e4 Bg6 26. h5 Bxh5 27. Qh4 Qg4 28. Qxf6 Qg6 29. Qh4 1-0

[Event "*** SCC Grand Prix: Titled Tuesday Blitz"]
[Site "Chess.com"]
[Date "2020.08.11"]
[Round "9"]
[White "Danfii"]
[Black "Chesswizard_2007"]
[Result "0-1"]
[WhiteElo "2355"]
[BlackElo "2504"]
[TimeControl "180+1"]
[EndTime "11:44:42 PDT"]
[Termination "Chesswizard_2007 won by resignation"]

1. e4 Nc6 2. Nf3 e5 3. Bc4 Nf6 4. d3 Bc5 5. O-O O-O 6. Nbd2 a6 7. c3 Ba7 8. Bb3 h6 9. h3 d5 10. exd5 Nxd5 11. Ne4 Be6 12. Re1 f5 13. Ng3 Qf6 14.
Nh5 Qf7 15. Nxe5 Nxe5 16. Rxe5 Rad8 17. Qf3 c6 18. d4 Bb8 19. Re1 Rfe8 20. Bc2 g5 21.
Ng3 Bxg3 22. Qxg3 f4 23. Qf3 Bf5 24. Rxe8+ Rxe8 25. Bxf5 Re1+ 26. Kh2 Qxf5 27. b3 Nf6 28. a4 g4 29. Qxf4 Qxf4+ 30. Bxf4 Rxa1 0-1

[Event "*** SCC Grand Prix: Titled Tuesday Blitz"]
[Site "Chess.com"]
[Date "2020.08.11"]
[Round "9"]
[White "Aygehovit1992"]
[Black "ace_mar"]
[Result "1-0"]
[WhiteElo "2624"]
[BlackElo "2471"]
[TimeControl "180+1"]
[EndTime "11:44:47 PDT"]
[Termination "Aygehovit1992 won by checkmate"]

1. e4 e5 2. Nf3 Nc6 3. Bb5 a6 4. Ba4 Nf6 5. O-O Be7 6. d3 b5 7. Bb3 d6 8. a3 Na5 9. Ba2 c5 10.
Nc3 Be6 11. b4 Bxa2 12. Rxa2 Nc6 13. bxc5 dxc5 14. Bg5 O-O 15. Bxf6 Bxf6 16. Nd5 Qd6 17. c4 Rab8 18. cxb5 axb5 19. Qc2 Rfc8 20. Rb1 Nd4 21. Nxd4 exd4 22. a4 bxa4 23. Rxb8 Rxb8 24. Rxa4 Bd8 25.
g3 h6 26. Kg2 Kh7 27. Ra7 f5 28. Qe2 Qe6 29. Qf3 fxe4 30. dxe4 Bg5 31. h4 Bd2 32.
Nf6+ Kh8 33. Nd7 Rc8 34. h5 c4 35. Nf8 Qe8 36. Ng6+ Kh7 37. Qf5 Bb4 38. Nf8+ Kh8 39. Qh7# 1-0

[Event "*** SCC Grand Prix: Titled Tuesday Blitz"]
[Site "Chess.com"]
[Date "2020.08.11"]
[Round "9"]
[White "talaicito"]
[Black "LuisFSiles"]
[Result "0-1"]
[WhiteElo "2090"]
[BlackElo "2296"]
[TimeControl "180+1"]
[EndTime "11:44:47 PDT"]
[Termination "LuisFSiles won by checkmate"]

1. d4 Nf6 2. Nc3 d5 3. Bf4 c6 4. e3 g6 5. Nf3 Bg7 6. Ne5 Nfd7 7. h4 Nxe5 8. Bxe5 Bxe5 9. dxe5 h5 10. Bd3 Qc7 11.
f4 Bg4 12. Qd2 e6 13. Be2 Bf5 14. Bf3 Nd7 15. e4 dxe4 16. Bxe4 O-O-O 17. O-O-O Nc5 18. Qe2 Rxd1+ 19. Rxd1 Bg4 20. Bf3 Bf5 21. b4 Nd7 22. b5 c5 23. a4 Qa5 24. Qc4 Nb6 25. Qxc5+ Kb8 26. Qd6+ Kc8 27. Rd4 Qxc3 28. Rd2 Qa1# 0-1

[Event "*** SCC Grand Prix: Titled Tuesday Blitz"]
[Site "Chess.com"]
[Date "2020.08.11"]
[Round "9"]
[White "ftorodent"]
[Black "eljanov"]
[Result "0-1"]
[WhiteElo "2659"]
[BlackElo "2803"]
[TimeControl "180+1"]
[EndTime "11:44:50 PDT"]
[Termination "eljanov won by resignation"]

1. d4 Nf6 2. c4 e6 3. Nf3 b6 4. a3 Bb7 5. Nc3 d5 6. Bg5 Be7 7. cxd5 Nxd5 8. Nxd5 Bxd5 9. Bxe7 Qxe7 10. Qc2 O-O 11. Rc1 c5 12. e4 Bb7 13. dxc5 Nd7 14. c6 Rac8 15. Nd4 Ne5 16. c7 Qh4 17. Bd3 Nxd3+ 18.
Qxd3 Bxe4 19. Qg3 Qf6 20. Qd6 Qg5 21. Qg3 Qxc1+ 22. Ke2 Qxc7 0-1

[Event "*** SCC Grand Prix: Titled Tuesday Blitz"]
[Site "Chess.com"]
[Date "2020.08.11"]
[Round "9"]
[White "Thipsay"]
[Black "Batsai"]
[Result "1-0"]
[WhiteElo "2477"]
[BlackElo "2347"]
[TimeControl "180+1"]
[EndTime "11:44:52 PDT"]
[Termination "Thipsay won by checkmate"]

1. e4 c5 2. Nf3 d6 3. d4 cxd4 4.
Nxd4 Nf6 5. Nc3 a6 6. Be2 e5 7. Nb3 Be6 8. O-O Nbd7 9. f4 exf4 10. Nd4 Be7 11. Bxf4 Ne5 12. Kh1 O-O 13. Bg3 Qc7 14.
Nf5 Bxf5 15. Rxf5 Nc4 16. Rxf6 Bxf6 17. Nd5 Qc5 18. Nxf6+ gxf6 19. Bxc4 Qxc4 20. Qg4+ Kh8 21. Bh4 Qe6 22. Qf4 Kg7 23. Rf1 Rg8 24. Bxf6+ Kf8 25. h3 Rg6 26. Bc3 Re8 27. Bb4 Kg8 28. Bc3 Re7 29.
Re1 b5 30. a3 h5 31. Qf3 h4 32. Qf4 Re8 33. Qxh4 d5 34. Qh8# 1-0